[Event "*** Titled Tuesday Blitz"]
[Site "Chess.com"]
[Date "2019.04.02"]
[Round "7"]
[White "Schachmalanders"]
[Black "larajanzelj"]
[Result "1-0"]
[WhiteElo "2286"]
[BlackElo "2330"]
[TimeControl "180+2"]
[EndTime "15:33:25 PDT"]
[Termination "Schachmalanders won by resignation"]

1. Nf3 d5 2. g3 c6 3. Bg2 Nf6 4. O-O Bg4 5. d3 e6 6. Nbd2 Nbd7 7. e4 Be7 8. Re1 O-O 9. h3 Bh5 10. Nf1 dxe4 11. dxe4 Qc7 12. Qe2 e5 13. g4 Bg6 14. Ng3 Nc5 15. Nh4 Ne6 16. Nhf5 Bc5 17. Be3 Nf4 18. Qf3 Nxg2 19. Kxg2 Bxe3 20. Qxe3 Rfd8 21.
Rad1 Rd7 22. Qe2 Rad8 23. g5 Rxd1 24. Rxd1 Rxd1 25. gxf6 Qd7 26. fxg7 Qd2 27. Qc4 Bxf5 28. exf5 Qd5+ 29. Qxd5 Rxd5 30. f6 Rd6 31. Nh5 Rd2 32. Kf3 Rxc2 33. Ng3 Rc4 34. Ne4 h6 35. Ke3 Rb4 36.
b3 a5 37. Nc5 Rf4 38. Nd7 b5 39.
a3 Rh4 40. Nxe5 Rxh3+ 41. Ke4 Rxb3 42. Nxc6 Rxa3 43. Ne7+ 1-0

[Event "*** Titled Tuesday Blitz"]
[Site "Chess.com"]
[Date "2019.04.02"]
[Round "7"]
[White "DenisQ"]
[Black "SloLev"]
[Result "1-0"]
[WhiteElo "2648"]
[BlackElo "2494"]
[TimeControl "180+2"]
[EndTime "15:33:30 PDT"]
[Termination "DenisQ won by resignation"]

1. Nf3 d5 2. c4 e6 3. g3 Nf6 4.
Bg2 c6 5. O-O Bd6 6. d4 O-O 7.
Nc3 Nbd7 8. Qd3 Qe7 9. e4 dxe4 10.
Nxe4 Nxe4 11. Qxe4 e5 12. Re1 f5 13. Qc2 e4 14. Nd2 Qf6 15. c5 Bc7 16. Nc4 Qxd4 17. Be3 Qf6 18. Rad1 Ne5 19. Nd6 Nf3+ 20. Bxf3 exf3 21.
Bd4 Qg6 22. Re7 Bxd6 23. Rxg7+ Qxg7 24. Bxg7 Kxg7 25. Rxd6 Re8 26. Qc3+ Kg8 27. Qxf3 Be6 28. h4 Bd5 29. Rxd5 cxd5 30. Qxd5+ Kg7 31. Qxb7+ Kg6 32.
Qa6+ Kh5 33. Qf6 Kg4 34. Kg2 Rg8 35. Qh6 f4 36. Qxf4+ Kh5 37. c6 Rac8 38. c7 Kg6 39. b4 Rgf8 40. Qd6+ Kg7 41. b5 Rf7 42. Qe5+ Kg8 43.
Qg5+ Kh8 44. Qd8+ Rf8 45. Qd7 Kg8 46. a4 h5 47. a5 Ra8 48. b6 axb6 49. axb6 Rf7 50.
c8=Q+ 1-0

[Event "*** Titled Tuesday Blitz"]
[Site "Chess.com"]
[Date "2019.04.02"]
[Round "7"]
[White "Robin-Side"]
[Black "StephenDedalus83"]
[Result "0-1"]
[WhiteElo "2572"]
[BlackElo "2659"]
[TimeControl "180+2"]
[EndTime "15:33:37 PDT"]
[Termination "StephenDedalus83 won on time"]

1. d4 Nf6 2. Nc3 d5 3. e4 dxe4 4. f3 exf3 5. Nxf3 Bg4 6. h3 Bxf3 7. Qxf3 c6 8. Qf2 e6 9. Bd3 Nbd7 10. Bd2 Bd6 11. O-O-O Qc7 12. g4 h6 13. Rhg1 O-O-O 14.
h4 Rdf8 15. g5 hxg5 16. hxg5 Rh2 17. Rg2 Rxg2 18. Qxg2 Nd5 19. Ne4 Bf4 20. c3 Bxd2+ 21. Qxd2 Qf4 22. Rf1 Qxd2+ 23. Kxd2 Kc7 24. c4 Ne7 25.
Ng3 g6 26. Rh1 Nf5 27. Bxf5 exf5 28. Rh7 Kd6 29. Ne2 Ke7 30. Nf4 Rg8 31. Kd3 Nf8 32.
Rh2 Ne6 33. Re2 Kd6 34. Nxe6 fxe6 35. c5+ Ke7 36. Rh2 Rg7 37. Rh8 e5 38. dxe5 Ke6 39.
Re8+ Re7 40. Rg8 Kxe5 41. Rxg6 Kf4 42. Rg8 Kg3 43. g6 f4 44. Rf8 f3 45. Rf7 f2 46.
Rxe7 f1=Q+ 47. Kd4 Qf6+ 48. Re5 Kf4 0-1

[Event "*** Titled Tuesday Blitz"]
[Site "Chess.com"]
[Date "2019.04.02"]
[Round "7"]
[White "SergioGarciaFuentes"]
[Black "PawnEatingZombie"]
[Result "1-0"]
[WhiteElo "2055"]
[BlackElo "2137"]
[TimeControl "180+2"]
[EndTime "15:33:37 PDT"]
[Termination "SergioGarciaFuentes won on time"]

1. d4 d5 2. Bf4 c5 3. e3 Nc6 4.
c3 Nf6 5. Nd2 Bf5 6. Qb3 Qc8 7.
Ngf3 c4 8. Qa4 a6 9. Be2 b5 10.
Qd1 e6 11. Nh4 Be4 12. Nxe4 Nxe4 13. Nf3 Be7 14. Nd2 Nf6 15. Qc2 O-O 16. e4 a5 17.
O-O b4 18. Bf3 a4 19. Bg5 Qd8 20. Bxf6 Bxf6 21. exd5 exd5 22. Nxc4 Rc8 23. Qxa4 bxc3 24. bxc3 Re8 25. Ne3 Ne7 26. Rfc1 Rc7 27. Qb5 Qc8 28. Nxd5 Nxd5 29. Bxd5 Rd8 30. Bb3 Rxc3 31. Rxc3 Qxc3 32. Rd1 Bxd4 33. Qb7 1-0

[Event "*** Titled Tuesday Blitz"]
[Site "Chess.com"]
[Date "2019.04.02"]
[Round "7"]
[White "GremioPrudente"]
[Black "dopolian"]
[Result "0-1"]
[WhiteElo "2058"]
[BlackElo "2196"]
[TimeControl "180+2"]
[EndTime "15:33:38 PDT"]
[Termination "dopolian won on time"]

1. Nf3 Nf6 2. d4 b6 3. g3 Bb7 4.
Bg2 e6 5. O-O Be7 6. c4 O-O 7.
Nc3 d6 8. b3 Nbd7 9. Bb2 e5 10.
dxe5 Nxe5 11. Nxe5 Bxg2 12. Nxf7 Rxf7 13. Kxg2 Qd7 14. Nd5 Nxd5 15. Qxd5 Re8 16. Rad1 Kf8 17. Rd3 Bf6 18. Bxf6 Rxf6 19. e3 Rf5 20. Qd4 Qc6+ 21. Kg1 Ree5 22. Qh4 Kg8 23. Rd4 Rh5 24. Qd8+ Re8 25.
Rh4 Rxd8 26. Rxh5 Rf8 27. Rd5 Qe8 28. Rd4 Qf7 29. Rd5 Qf6 30. Rd4 Re8 31. Rd5 Re5 32. Rd4 Qe6 33. Rf4 g5 34. Rd4 Rxe3 35. Rxd6 cxd6 36. fxe3 Qxe3+ 37. Kg2 g4 38. Rf2 h5 39. Rb2 Qe4+ 40. Kf1 Qh1+ 41. Ke2 Qg2+ 42. Kd3 Qxb2 43. Ke4 Qxa2 44. Kd5 Qxh2 45. Kc6 Qxg3 46. Kd7 Qxb3 47. Ke8 h4 48. Kd7 g3 49. Kc8 Qxc4+ 50. Kb7 d5 51. Kb8 b5 52. Kb7 a5 0-1

[Event "*** Titled Tuesday Blitz"]
[Site "Chess.com"]
[Date "2019.04.02"]
[Round "7"]
[White "VitaliyBernadskiy"]
[Black "wonderfultime"]
[Result "1-0"]
[WhiteElo "2752"]
[BlackElo "2899"]
[TimeControl "180+2"]
[EndTime "15:33:41 PDT"]
[Termination "VitaliyBernadskiy won by resignation"]

1. e4 c5 2. Nf3 Nf6 3. Nc3 d5 4. Bb5+ Bd7 5. e5 Bxb5 6. Nxb5 Nfd7 7. e6 fxe6 8. Ng5 Qb6 9. Qe2 a6 10. Nc3 Nf6 11. Qxe6 Qxe6+ 12. Nxe6 Kf7 13. Nc7 Ra7 14. N7xd5 e6 15. Ne3 Nc6 16. O-O b5 17. Ne2 g6 18.
b3 Bg7 19. Bb2 Rd8 20. d3 Nd5 21. Bxg7 Kxg7 22. Nxd5 exd5 23. c3 Re7 24. Rfe1 Rde8 25. Kf1 g5 26. Ng3 Kf6 27. Rxe7 Rxe7 28. Re1 a5 29.
Rxe7 Kxe7 30. Ke2 a4 31. Kd2 axb3 32. axb3 Ke6 33. Ne2 Ne5 34. f4 gxf4 35. Nxf4+ Kd6 36. d4 cxd4 37. cxd4 Nc6 38. Kd3 b4 39. g4 Na5 40.
Kc2 Nc6 41. Ne2 Ke6 42. h4 h6 43. Kd2 Kd6 44. Ke3 Na5 45. Nc1 Ke6 46. Nd3 Nxb3 47.
Nc5+ Nxc5 48. dxc5 b3 49. Kd3 d4 50. g5 hxg5 51. hxg5 Kd5 52. g6 Kxc5 53. g7 Kb4 54. g8=Q Ka3 55. Qa8+ Kb2 56. Qa4 1-0

[Event "*** Titled Tuesday Blitz"]
[Site "Chess.com"]
[Date "2019.04.02"]
[Round "7"]
[White "regular_legs"]
[Black "chessdjw"]
[Result "0-1"]
[WhiteElo "2439"]
[BlackElo "2611"]
[TimeControl "180+2"]
[EndTime "15:33:42 PDT"]
[Termination "chessdjw won by resignation"]

1. d4 g6 2. c4 Bg7 3. e4 d6 4. Nc3 e5 5. Nf3 Nc6 6. Bg5 Nge7 7. dxe5 dxe5 8. Qxd8+ Nxd8 9. Nd5 Nxd5 10. cxd5 f6 11. Be3 c6 12. Bc4 cxd5 13. Bxd5 Be6 14. O-O-O Rc8+ 15.
Kb1 b6 16. Rd3 Ke7 17. Rhd1 Nf7 18. Bd2 Bxd5 19. Bb4+ Ke6 20. Rxd5 Rhd8 21. b3 Rxd5 22. Rxd5 Bf8 23. Bxf8 Rxf8 24. Nd2 Rd8 25. Rxd8 Nxd8 26.
Kc2 Nc6 27. a3 Nd4+ 28. Kc3 f5 29. Kc4 Kd6 30. f4 b5+ 31. Kd3 Ne6 32. fxe5+ Kxe5 33. exf5 Kxf5 34. g3 Kg4 35. Ke4 Ng5+ 36. Kd5 Kh3 37.
Kc5 Kxh2 38. Kxb5 Kxg3 39. Ka6 h5 40. Kxa7 h4 41. b4 Kg2 42. b5 h3 43. b6 Ne6 44.
Nc4 h2 45. Ne3+ Kg1 46. b7 Nd8 0-1

[Event "*** Titled Tuesday Blitz"]
[Site "Chess.com"]
[Date "2019.04.02"]
[Round "7"]
[White "Davor_Rogic"]
[Black "SabinaFoisor"]
[Result "1/2-1/2"]
[WhiteElo "2375"]
[BlackElo "2228"]
[TimeControl "180+2"]
[EndTime "15:33:47 PDT"]
[Termination "Game drawn by repetition"]

1. e4 e5 2. Nf3 Nc6 3. Bb5 Nf6 4. Nc3 Bc5 5. O-O d6 6. d4 exd4 7. Nxd4 Bd7 8. Nxc6 Bxc6 9. Bxc6+ bxc6 10. Qd3 O-O 11. Bg5 h6 12. Bh4 Re8 13. Rfe1 Re6 14. Rad1 Qe8 15.
Bxf6 Rxf6 16. Re2 Qe5 17. Na4 Bb6 18. Qc3 Qh5 19. Rde1 Qb5 20. Nxb6 axb6 21. a3 Re8 22. f3 Rfe6 23. Kf2 f5 24. Qd3 Qxb2 25. exf5 Rxe2+ 26. Rxe2 Rxe2+ 27. Qxe2 Kf8 28. g4 Qxa3 29. Qe6 Qc5+ 30.
Kf1 b5 31. Qc8+ Kf7 32. Qxc7+ Kf6 33. Qd8+ Ke5 34. Qe7+ Kf4 35. Qe4+ Kg5 36. Kg2 Qe5 37. Qxc6 Qe2+ 38. Kg1 Qe1+ 39. Kg2 Qe2+ 40. Kg1 Qe1+ 41. Kg2 Qe2+ 42. Kg1 Qe1+ 43. Kg2 Qe2+ 1/2-1/2

[Event "*** Titled Tuesday Blitz"]
[Site "Chess.com"]
[Date "2019.04.02"]
[Round "7"]
[White "djogrodek1"]
[Black "Benjoneliere44"]
[Result "0-1"]
[WhiteElo "2524"]
[BlackElo "2494"]
[TimeControl "180+2"]
[EndTime "15:33:54 PDT"]
[Termination "Benjoneliere44 won on time"]

1. e4 c5 2. Nf3 e6 3. d4 cxd4 4.
Nxd4 Nc6 5. Nc3 Qc7 6. g3 b6 7. Ncb5 Qb8 8. Bg2 Bb7 9. O-O a6 10. Nc3 Nf6 11. Be3 Be7 12. Qe2 O-O 13. Rad1 b5 14. Bf4 Nxd4 15. Rxd4 e5 16. Nd5 Bd8 17. Nxf6+ Bxf6 18. Rxd7 Bc6 19. Rd3 exf4 20. e5 f3 21.
Bxf3 Bxf3 22. Qxf3 Qxe5 23. b3 Rad8 24. Rfd1 Rxd3 25.
Rxd3 Re8 26. Re3 Qb8 27. Qb7 h6 28. Rxe8+ Qxe8 29. Qxa6 Qe1+ 30. Kg2 Qe4+ 31. Kg1 b4 32. Qc8+ Kh7 33. Qd7 Kg6 34. h4 h5 35. Qd1 Bd4 36. Qd2 f6 37. Kh2 Bc5 0-1

[Event "*** Titled Tuesday Blitz"]
[Site "Chess.com"]
[Date "2019.04.02"]
[Round "7"]
[White "iturrizaga"]
[Black "dreamist"]
[Result "0-1"]
[WhiteElo "2864"]
[BlackElo "2744"]
[TimeControl "180+2"]
[EndTime "15:33:55 PDT"]
[Termination "dreamist won on time"]

1. c4 e5 2. Nc3 Nf6 3. Nf3 Nc6 4. e3 Bb4 5. Qc2 Bxc3 6. bxc3 e4 7. Nd4 Ne5 8. f4 exf3 9. Nxf3 d6 10. Be2 O-O 11. O-O Bg4 12. d4 Nxf3+ 13. gxf3 Bh3 14. Rf2 Re8 15. Bd2 Nh5 16. Bf1 Qg5+ 17. Bg2 Qh4 18. Bxh3 Qxh3 19. Raf1 Re6 20. Rg2 c6 21. e4 Rf6 22. Rff2 Rxf3 23. Qb3 b6 24. c5 dxc5 25.
Qc4 Rxf2 26. Rxf2 Qg4+ 27. Kf1 Nf6 28. e5 Nd5 29. Qd3 cxd4 30. cxd4 Rd8 31. h3 Qg6 32. Qf3 c5 33. dxc5 bxc5 34. Rg2 Qe6 35. Bg5 Rb8 36. Qg3 Rb1+ 37. Kf2 Qf5+ 38. Qf3 Rf1+ 0-1

[Event "*** Titled Tuesday Blitz"]
[Site "Chess.com"]
[Date "2019.04.02"]
[Round "7"]
[White "JonahWillow"]
[Black "m3alam"]
[Result "1-0"]
[WhiteElo "2699"]
[BlackElo "2434"]
[TimeControl "180+2"]
[EndTime "15:34:00 PDT"]
[Termination "JonahWillow won on time"]

1. e4 c6 2. d4 d5 3. Nc3 dxe4 4. Nxe4 Bf5 5. Nc5 e5 6. Nxb7 Qb6 7. Nc5 exd4 8. Na4 Qa5+ 9. c3 d3 10. Nf3 Na6 11.
g3 Bd6 12. Bg2 Be4 13. O-O Nf6 14. Re1 O-O 15. b4 Qd5 16. Nb2 Rad8 17. c4 Qh5 18. c5 Be5 19. a3 Bc3 20. Re3 Rfe8 21. Rb1 Nc7 22. Bd2 Bxb2 23. Rxb2 Nb5 24. h3 Nxa3 25. Re1 Nc2 26. Rf1 Qf5 27. g4 Nxg4 28. Nh4 Qe5 29. Qxg4 Bxg2 30. Rfb1 Bd5 31. Qg3 Qe4 32.
Kh2 Re6 33. Rg1 Qd4 34. Rxc2 dxc2 35. Bc3 Rg6 36. Nxg6 1-0

[Event "*** Titled Tuesday Blitz"]
[Site "Chess.com"]
[Date "2019.04.02"]
[Round "7"]
[White "GataKamsky1974"]
[Black "kuli4ik"]
[Result "1-0"]
[WhiteElo "2778"]
[BlackElo "2769"]
[TimeControl "180+2"]
[EndTime "15:34:01 PDT"]
[Termination "GataKamsky1974 won by checkmate"]

1. d4 g6 2. Nf3 Bg7 3. c3 d6 4. e4 Nd7 5. Bc4 e6 6. O-O a6 7. a4 b6 8. Re1 Bb7 9. Nbd2 Ne7 10. Nf1 h6 11. Ng3 O-O 12. Bb3 c5 13. Bf4 cxd4 14.
cxd4 e5 15. Be3 Nc6 16. Qd2 Kh7 17. Rad1 exd4 18. Nxd4 Nc5 19. Bc2 Ne5 20. b3 d5 21. f4 Ng4 22. e5 Ne4 23. Nxe4 dxe4 24. h3 Nxe3 25. Qxe3 Qe7 26. Bxe4 Rad8 27. Bxb7 Qxb7 28.
f5 Rfe8 29. fxg6+ fxg6 30. Nf3 b5 31. axb5 Rxd1 32. Rxd1 Qxb5 33. e6 Qf5 34. Re1 Re7 35. g4 Qd5 36. Kg2 Bf6 37. Kg3 Kg7 38. h4 Rb7 39. g5 hxg5 40. hxg5 Be7 41. Qc3+ Kg8 42. Rh1 Qxe6 43. Qh8+ Kf7 44. Rh7# 1-0

[Event "*** Titled Tuesday Blitz"]
[Site "Chess.com"]
[Date "2019.04.02"]
[Round "7"]
[White "Vamostodorecto"]
[Black "fidezivkovic"]
[Result "0-1"]
[WhiteElo "2488"]
[BlackElo "2342"]
[TimeControl "180+2"]
[EndTime "15:34:04 PDT"]
[Termination "fidezivkovic won by checkmate"]

1. d4 Nf6 2. c4 e6 3. Nc3 Bb4 4.
a3 Bxc3+ 5. bxc3 b6 6. f3 Nc6 7.
e4 Ba6 8. Bd3 Na5 9. Qe2 Qc8 10.
Bg5 c5 11. Nh3 cxd4 12. cxd4 Nb3 13. Rd1 Nxd4 14. Qb2 e5 15. O-O Bxc4 16. Nf2 Qc5 17. Kh1 h5 18. f4 d6 19. fxe5 dxe5 20. Bxc4 Qxc4 21. Rc1 Qe6 22. Qb4 a5 23. Qe1 O-O 24. Nd3 Nh7 25. Be3 Rfd8 26. Rc7 f6 27. Qh4 Nb5 28. Rb7 Rxd3 29. Bxb6 Nd6 30. Rc7 Qg4 31. Qe1 Nxe4 32. Qb1 Rad8 33. Rc4 Rd1 34. Rc1 Rxc1 35.
Qxc1 Rd2 36. Bxa5 Qxg2# 0-1

[Event "*** Titled Tuesday Blitz"]
[Site "Chess.com"]
[Date "2019.04.02"]
[Round "7"]
[White "Micki-taryan"]
[Black "Korchmar_Vasiliy"]
[Result "1-0"]
[WhiteElo "2963"]
[BlackElo "2785"]
[TimeControl "180+2"]
[EndTime "15:34:10 PDT"]
[Termination "Micki-taryan won by resignation"]

1. d4 Nf6 2. Nf3 g6 3. b3 Bg7 4. Bb2 O-O 5. e3 c5 6. dxc5 Qa5+ 7. Nbd2 Qxc5 8. c4 Nc6 9. Be2 Rd8 10. O-O d5 11. cxd5 Nxd5 12. Rc1 Qa5 13. Bxg7 Kxg7 14.
Qc2 Be6 15. Qb2+ Kg8 16. a3 Nb6 17. b4 Qd5 18. Nc4 Rac8 19. Nxb6 axb6 20. h3 Qb3 21. Qa1 Ra8 22. Rc3 Qd5 23. Qb2 Rac8 24. Rfc1 Na7 25. Nd4 Rxc3 26. Rxc3 Qe5 27. Bf3 Bd5 28. Qc2 Bxf3 29.
Nxf3 Qd5 30. Rc7 Nb5 31. Rxe7 Nxa3 32. Qc7 Nb5 33. Qxb6 Qd1+ 34. Kh2 Nc3 35. Nd4 Rf8 36. Rxb7 Ne4 37. Rb8 Nxf2 38. Rxf8+ Kxf8 39. Qb8+ Kg7 40. Qe5+ Kg8 41. b5 Qh1+ 42. Kg3 Nd3 43. Qe8+ Kg7 44.
b6 Qe1+ 45. Kh2 Qb4 46. Qb5 Qxb5 47. Nxb5 Nc5 48. Nd6 f5 49. e4 fxe4 50. Nxe4 Nb7 51. Kg3 Kf7 52. Kf4 Ke6 53. Kg5 Ke5 54. Nf6 1-0

[Event "*** Titled Tuesday Blitz"]
[Site "Chess.com"]
[Date "2019.04.02"]
[Round "7"]
[White "STAYFlow"]
[Black "Alex_Molchanov"]
[Result "0-1"]
[WhiteElo "2245"]
[BlackElo "2470"]
[TimeControl "180+2"]
[EndTime "15:34:11 PDT"]
[Termination "Alex_Molchanov won by resignation"]

1. d4 Nf6 2. c4 e6 3. g3 d5 4. Nf3 Bb4+ 5. Bd2 Bd6 6. Nc3 c6 7. Qc2 O-O 8. e4 dxe4 9. Nxe4 Nxe4 10. Qxe4 f5 11. Qe2 Qe7 12. Bg2 Nd7 13. O-O e5 14.
dxe5 Nxe5 15. Rfe1 Nxf3+ 16. Qxf3 Qf7 17. Rac1 Be6 18.
Rxe6 Qxe6 19. c5 Bc7 20. Bf1 Kh8 21. Bc4 Qf6 22. b4 Rad8 23. Be1 Rfe8 24. Kg2 f4 25. g4 Qb2 26. Qc3 Qxc3 27. Bxc3 Be5 28. Bf7 Re7 29. Re1 f3+ 30. Kh3 Rxf7 31. Rxe5 Kg8 32.
Re3 Rfd7 33. Re4 Rd3 34. Be5 Re8 35. Kg3 Rd5 36. Kf4 Rd2 37. Kxf3 Rxa2 38. g5 a5 39. bxa5 Rxa5 40. Kf4 Rxc5 41. h4 b5 0-1

[Event "*** Titled Tuesday Blitz"]
[Site "Chess.com"]
[Date "2019.04.02"]
[Round "7"]
[White "MathiasWomacka"]
[Black "DACF2905"]
[Result "1-0"]
[WhiteElo "2271"]
[BlackElo "2077"]
[TimeControl "180+2"]
[EndTime "15:34:12 PDT"]
[Termination "MathiasWomacka won by resignation"]

1. e4 c5 2. Nf3 e6 3. d4 cxd4 4. Nxd4 a6 5. Bd3 Qc7 6. Qe2 Bc5 7. Nb3 Ba7 8. Qg4 Kf8 9. O-O Nf6 10. Qh4 d6 11. Bg5 Nbd7 12. N1d2 h6 13. Rae1 b5 14. Be3 Bxe3 15. Rxe3 g5 16. Qg3 Nh5 17. Qf3 Nf4 18. g3 Ne5 19. Qd1 Nfxd3 20. cxd3 Bb7 21. d4 Nc4 22. Rc3 Rc8 23. Nxc4 bxc4 24. Nd2 Qb6 25. Nxc4 Qb4 26. a3 Qxc4 27. Rxc4 Rxc4 28. Qb3 Rc7 29. Qb6 Rd7 30. f3 Kg7 31. Rc1 Rc8 32. Rxc8 Bxc8 33. Qc6 Rd8 34. Qc7 Re8 35. Qxd6 f6 36. b4 Kf7 37. a4 Re7 38. b5 axb5 39. axb5 Rd7 40. Qc6 Rd8 41. Qc7+ Ke8 42. b6 Ba6 43. b7 Bxb7 44. Qxb7 Rxd4 45. Qg7 Rd1+ 46. Kg2 Rd2+ 47. Kh3 h5 48. Qxf6 g4+ 49. fxg4 hxg4+ 50. Kxg4 Rxh2 51. Qxe6+ 1-0

[Event "*** Titled Tuesday Blitz"]
[Site "Chess.com"]
[Date "2019.04.02"]
[Round "7"]
[White "Vuk2000"]
[Black "Benek77"]
[Result "0-1"]
[WhiteElo "2711"]
[BlackElo "2675"]
[TimeControl "180+2"]
[EndTime "15:34:13 PDT"]
[Termination "Benek77 won by resignation"]

1. e4 c5 2. Nc3 Nc6 3. g3 g6 4. Bg2 Bg7 5. d3 Rb8 6. Be3 b5 7. Qd2 b4 8. Nd1 d6 9. f4 e6 10. Ne2 Nge7 11. O-O O-O 12. a3 b3 13. c3 a5 14. e5 Bb7 15. exd6 Qxd6 16. Nf2 Rfd8 17. Ne4 Qxd3 18. Qxd3 Rxd3 19. Bxc5 f5 20. Nd6 Rd2 21.
Nxb7 Rxe2 22. Bxe7 Rxb7 23. Bxc6 Rxe7 24. Rf2 Rxf2 25.
Kxf2 Rc7 26. Ba4 Rb7 27. Rd1 Kf7 28. Ke3 Ke7 29. Kd3 e5 30. fxe5 Bxe5 31. Kc4 Kf6 32. Bxb3 a4 33. Bxa4 Rxb2 34. Bc6 Rxh2 35. a4 Bxg3 36.
Ra1 Rc2 37. Kb3 Rxc3+ 38. Kxc3 Be5+ 39. Kc4 Bxa1 40. Kd5 Bc3 41. Kc4 Be1 42. Kb5 g5 43.
a5 g4 44. a6 0-1

[Event "*** Titled Tuesday Blitz"]
[Site "Chess.com"]
[Date "2019.04.02"]
[Round "7"]
[White "chessking2151"]
[Black "Alex_Terzi"]
[Result "1-0"]
[WhiteElo "2578"]
[BlackElo "2417"]
[TimeControl "180+2"]
[EndTime "15:34:18 PDT"]
[Termination "chessking2151 won by resignation"]

1. Nf3 Nf6 2. c4 g6 3. Nc3 Bg7 4. g3 O-O 5. Bg2 d6 6. O-O Nc6 7. d4 Bf5 8. Bg5 Ne4 9. Bf4 Nxc3 10. bxc3 Na5 11. Qa4 c5 12. dxc5 dxc5 13. Rfd1 Qb6 14. Nh4 Rfd8 15. Nxf5 Rxd1+ 16. Rxd1 gxf5 17. Qc2 Qf6 18. Qa4 Qxc3 19. Bd2 Qxc4 20. Qxa5 Qxe2 21. Re1 Qd3 22.
Bf1 Qd6 23. Bf4 e5 24. Be3 b6 25. Qc3 e4 26. Qc2 Rd8 27. Be2 Bd4 28. Rd1 Qf6 29. Qd2 Rd6 30. Kg2 Be5 31. Qc1 Bd4 32. Bf4 Rd7 33.
Bb5 Rd5 34. Bc4 Rd7 35. Bg5 Qg6 36. Qf4 Kg7 37. Bh4 f6 38. Qb8 Kh6 39. Qf4+ Kg7 40. h3 Qh5 41. Rd2 Qg6 42. Be6 Re7 43. Bxf5 Qe8 44.
Qg4+ Kh8 45. Rxd4 1-0

[Event "*** Titled Tuesday Blitz"]
[Site "Chess.com"]
[Date "2019.04.02"]
[Round "7"]
[White "nochewycandy"]
[Black "SoltaniciR"]
[Result "0-1"]
[WhiteElo "2368"]
[BlackElo "2579"]
[TimeControl "180+2"]
[EndTime "15:34:18 PDT"]
[Termination "SoltaniciR won by resignation"]

1. c4 c5 2. g3 Nc6 3. Bg2 g6 4.
Nc3 Bg7 5. a3 e6 6. b4 cxb4 7.
axb4 Nxb4 8. Ba3 Nc6 9. Nb5 Bf8 10. Bd6 Bxd6 11. Nxd6+ Kf8 12. Nf3 Kg7 13. d4 Nf6 14. O-O Ne8 15. Nxe8+ Rxe8 16. Ne5 f6 17. Nxc6 dxc6 18.
e3 e5 19. dxe5 fxe5 20. Qa4 Bf5 21. c5 Qe7 22. Rac1 Bd3 23. Rfd1 e4 24. f4 Red8 25.
Qb4 Rd7 26. Bh3 Rd5 27. Bf1 Rad8 28. Bxd3 Rxd3 29. Rxd3 exd3 30. Kf2 b5 31. Rd1 Rd5 32. Qc3+ Kg8 33. Rxd3 Qxc5 34. Qxc5 Rxc5 35. Rd8+ Kg7 36. Rd7+ Kf6 37. Rxa7 Rc2+ 38. Kf3 b4 39. e4 c5 40.
Ra6+ Ke7 41. g4 b3 42. e5 b2 43. Rb6 c4 44. Ke4 c3 45. f5 gxf5+ 46. gxf5 Re2+ 47. Kf4 c2 48. Rb7+ Kd8 49. Rxh7 c1=Q+ 50. Kf3 Qe3+ 0-1

[Event "*** Titled Tuesday Blitz"]
[Site "Chess.com"]
[Date "2019.04.02"]
[Round "7"]
[White "MMSANCHEZ"]
[Black "medalja"]
[Result "1-0"]
[WhiteElo "2479"]
[BlackElo "2292"]
[TimeControl "180+2"]
[EndTime "15:34:20 PDT"]
[Termination "MMSANCHEZ won by resignation"]

1. d4 d5 2. Nf3 Nf6 3. e3 e6 4.
Bd3 Be7 5. O-O O-O 6. b3 b6 7. Bb2 c5 8. Nbd2 Nc6 9. Ne5 Bb7 10. f4 Nb4 11. Be2 cxd4 12. exd4 Ne4 13. a3 Nc6 14. Bd3 f6 15. Nxc6 Bxc6 16. Qe2 f5 17. Nf3 Bf6 18. a4 Rc8 19. a5 bxa5 20. Qe1 a4 21. bxa4 Rb8 22.
Ba3 Re8 23. a5 Bb5 24. Ne5 Qc8 25. Rb1 Ba4 26. Rb4 Rxb4 27. Qxb4 Bxe5 28. fxe5 Qc6 29.
c4 dxc4 30. Bxe4 Qxe4 31. Qxa4 Qxd4+ 32. Kh1 Rd8 33. Bd6 h6 34. Rc1 Rc8 35. Qd7 Ra8 36.
Qxe6+ Kh7 37. Qxf5+ Kh8 38. h3 c3 39. Bc7 Re8 40.
e6 Qc4 41. Be5 Qxe6 42. Qxe6 Rxe6 43. Bxc3 Kh7 44. Bd4 Ra6 45. Rc5 Kg6 46. Kg1 h5 47. Kf2 Kh6 48. Ke3 g6 49. Kd3 g5 50. Kc4 g4 51.
hxg4 hxg4 52. Be3+ Kh7 53. Rh5+ Kg6 54. Rg5+ Kf6 55.
Rc5 Re6 56. Bd4+ Kg6 57. Kd5 Re2 58. g3 Kf5 59. Kc6+ Ke4 60. Re5+ Kf3 61. Rxe2 Kxe2 62. Bxa7 Kf3 63. Bb8 1-0

[Event "*** Titled Tuesday Blitz"]
[Site "Chess.com"]
[Date "2019.04.02"]
[Round "7"]
[White "stepanosinovsky"]
[Black "kasparicy"]
[Result "0-1"]
[WhiteElo "2313"]
[BlackElo "2349"]
[TimeControl "180+2"]
[EndTime "15:34:24 PDT"]
[Termination "kasparicy won on time"]

1. e4 c5 2. Nf3 d6 3. d4 cxd4 4.
Nxd4 Nf6 5. Nc3 a6 6. Be3 e6 7. f4 b5 8. a3 Bb7 9. Bd3 Nbd7 10.
Qf3 Be7 11. g4 h6 12. O-O-O Rc8 13. h4 Rxc3 14. bxc3 Nc5 15. Nb3 Nfxe4 16. Nxc5 Nxc5 17. Qg3 Nxd3+ 18. cxd3 Bxh1 19. Rxh1 Qa5 20. Kc2 Qxa3 21. Rb1 d5 22. g5 hxg5 23. fxg5 Qd6 24. Bf4 Qc6 25.
g6 Bf6 26. Be5 d4 27. Bxf6 gxf6 28. g7 Rg8 29. Rb3 Ke7 30. h5 e5 31. h6 Qh1 32. cxd4 Qxh6 33. dxe5 Rxg7 34. exf6+ Qxf6 35. Qc7+ Ke8 36. Qc8+ Qd8 37. Qxd8+ Kxd8 38. Kc3 Kc7 39. Kd4 Kb6 40. Ke5 a5 41. d4 a4 42. Rb1 a3 43. d5 Ka5 44. d6 b4 45. Kd5 f5 46.
Kc5 Rb7 47. Re1 b3 48. Re8 Ra7 49. Rb8 a2 0-1

[Event "*** Titled Tuesday Blitz"]
[Site "Chess.com"]
[Date "2019.04.02"]
[Round "7"]
[White "Sanyura"]
[Black "JSMastropiero"]
[Result "1-0"]
[WhiteElo "2442"]
[BlackElo "2238"]
[TimeControl "180+2"]
[EndTime "15:34:25 PDT"]
[Termination "Sanyura won by resignation"]

1. e4 e6 2. d4 d5 3. Nc3 Bb4 4. e5 c5 5. Bd2 Nh6 6. Nf3 Nf5 7. Bd3 Nxd4 8. Nxd4 cxd4 9. Nb5 Bc5 10. b4 Be7 11. Nxd4 Bd7 12. Qg4 Kf8 13. O-O Nc6 14.
Nxc6 bxc6 15. f4 h5 16. Qf3 g6 17. Kh1 a5 18. bxa5 c5 19. c4 Bc6 20.
Qe2 h4 21. h3 Qd7 22. cxd5 Qxd5 23. Bc3 Bd8 24. Rad1 Bxa5 25. Bxa5 Rxa5 26. Rd2 Ra4 27. Bxg6 Rd4 28. Rxd4 cxd4 29. Bd3 Rg8 30. Rf2 Rg3 31. Kg1 Re3 32. Qc2 Kg7 33. Bc4 Qc5 34. Bd3 Qb6 35.
Kh2 Rg3 36. f5 exf5 37. Bxf5 Qb7 38. e6 fxe6 39. Bxe6 Qc7 40. Rf7+ Qxf7 41. Bxf7 Rxg2+ 42. Qxg2+ Bxg2 43. Kxg2 Kxf7 44. Kf3 Ke6 45. Ke4 d3 46. Kxd3 Kd5 47. Ke3 Kc5 48. Kf4 Kb4 49. Kg4 Ka3 50. Kxh4 Kxa2 51. Kg5 Kb3 52. Kg6 1-0

[Event "*** Titled Tuesday Blitz"]
[Site "Chess.com"]
[Date "2019.04.02"]
[Round "7"]
[White "vovachesss"]
[Black "TheBigBadChessDad"]
[Result "1-0"]
[WhiteElo "2527"]
[BlackElo "2227"]
[TimeControl "180+2"]
[EndTime "15:34:26 PDT"]
[Termination "vovachesss won by resignation"]

1. Nf3 d5 2. c4 e6 3. b3 Nf6 4.
Bb2 c6 5. g3 Nbd7 6. Bg2 g6 7.
O-O Bg7 8. d3 O-O 9. Qc2 Re8 10.
e4 dxe4 11. dxe4 e5 12. c5 Qe7 13. b4 a5 14. a3 axb4 15. axb4 Rxa1 16. Bxa1 b6 17. cxb6 Qxb4 18. Qxc6 Qxb6 19. Qc2 Bb7 20. Nc3 Qc6 21. Rd1 Rc8 22. Qb1 Ba8 23. Nd5 Nxd5 24.
exd5 Qd6 25. Ng5 f5 26. Ne6 Bf6 27. Qb5 Kf7 28. Bb2 Rb8 29. Qe2 e4 30. Bc1 Bxd5 31. Nf4 Nb6 32. Be3 g5 33. Qh5+ Kg7 34. Nxd5 Nxd5 35. Bxg5 Rd8 36. Qh6+ Kf7 37. Bxf6 Qxf6 38.
Qxh7+ Ke6 39. Bf1 Rc8 40. Qb7 Rc5 41. Bc4 Qe5 42. Ba2 Qd6 43. h4 Qc6 44. Qxc6+ Rxc6 45. Bxd5+ 1-0

[Event "*** Titled Tuesday Blitz"]
[Site "Chess.com"]
[Date "2019.04.02"]
[Round "7"]
[White "Annawel"]
[Black "Ali_rastbod"]
[Result "1-0"]
[WhiteElo "2892"]
[BlackElo "2623"]
[TimeControl "180+2"]
[EndTime "15:34:28 PDT"]
[Termination "Annawel won by resignation"]

1. e4 e6 2. d4 d5 3. exd5 exd5 4. Nf3 Bd6 5. c4 Nf6 6. c5 Be7 7. Qa4+ c6 8. Bd3 O-O 9. Nc3 Re8 10. O-O Nbd7 11.
Bg5 Nf8 12. Rfe1 Ne6 13. Bh4 g6 14. b4 Nf4 15. Bf1 Ne4 16. Nxe4 dxe4 17. Rxe4 Bxh4 18. Rxe8+ Qxe8 19. Nxh4 Qe4 20. Qb3 Be6 21. Qe3 Nh3+ 22.
gxh3 Qxh4 23. Bg2 Rd8 24. Rd1 Bxa2 25. Ra1 Bc4 26. Rxa7 Rxd4 27. Bf3 Ba6 28. b5 Bxb5 29. Rxb7 Qf6 30. Kg2 Rd3 31. Qe4 Rd4 32. Qe3 Rd3 33.
Qe4 Rd4 34. Qe3 Rf4 35. h4 Qxh4 36. h3 Qg5+ 37. Kh2 Qf6 38. Kg3 h5 39. Qxf4 h4+ 40. Qxh4 Qe5+ 41. Qf4 Qe6 42. Bg4 Qb3+ 43. f3 1-0